 Dungeon Crawl Stone Soup version 0.26.1-11-gd32895ea62 (webtiles) character file.

Game seed: 11027304280203459741

608 phalm the Digger (level 7, -2/36 HPs)
             Began as a Gargoyle Earth Elementalist on Apr 26, 2021.
             Slain by a worker ant (5 damage)
             ... on level 3 of the Dungeon.
             The game lasted 00:08:58 (4439 turns).

phalm the Digger (Gargoyle Earth Elementalist)      Turns: 4439, Time: 00:08:59

Health: -2/36      AC:  5    Str: 12    XL:     7   Next: 43%
Magic:  0/11       EV: 12    Int: 17    God:
Gold:   215        SH:  0    Dex: 10    Spells: 3/12 levels left

rFire    . . .     SeeInvis .   h - +0 whip
rCold    . . .     Faith    .   (no shield)
rNeg     + . .     Spirit   .   c - +0 robe
rPois    ∞         Reflect  .   (no helmet)
rElec    +         Harm     .   (no cloak)
rCorr    .         Rampage  .   (no gloves)
Will     .....                  (no boots)
Stlth    ++........             (no amulet)
HPRegen  0.12/turn              (no ring)
MPRegen  0.12/turn              (no ring)

@: no status effects
A: blink, deformed body, negative energy resistance 1, electricity resistance,
unbreathing, petrification resistance, miasma immunity, subdued magic 1, AC +4
a: Blink


You were on level 3 of the Dungeon.
You visited 1 branch of the dungeon, and saw 4 of its levels.

You collected 215 gold pieces.


Innate Abilities, Weirdness & Mutations

You are resistant to torment.
Your stone body is resilient. (AC +4)
You are immune to poison.
You resist negative energy. (rN+)
You are resistant to electric shocks. (rElec)
You can survive without breathing.
You are immune to petrification.
You are immune to miasma.
You can translocate small distances at will.
Armour fits poorly on your strangely shaped body.
Your spells are a little easier to cast, but a little less powerful.


   Skills:
 - Level 3.0 Maces & Flails
 - Level 1.5 Dodging
 - Level 2.1 Stealth
 + Level 3.2 Spellcasting
 * Level 3.8 Conjurations
 - Level 0.7 Transmutations
 * Level 7.1 Earth Magic


You had 3 spell levels left.
You knew the following spells:

 Your Spells              Type           Power        Failure   Level
l - Lee's Rapid Deconstr  Erth           10%          21%         5
w - Stone Arrow           Conj/Erth      32%          4%          3
z - Sandblast             Erth           40%          1%          1

Your spell library contained the following spells:

 Spells                   Type           Power        Failure   Level
 Passwall                 Tmut/Erth      10%          3%          2
 Petrify                  Tmut/Erth      12%          28%         4

Inventory:

Hand Weapons
 h - a +0 whip (weapon)
   (You took it off a kobold on level 1 of the Dungeon)
Missiles
 b - 31 stones
Armour
 c - a +0 robe (worn)
Scrolls
 e - a scroll of identify {@r1}
Potions
 a - 7 potions of haste {@q3}
 d - a potion of curing {@q1}
 f - a potion of invisibility {unknown}
 g - a potion of cancellation

Dungeon Overview and Level Annotations

Branches:
Dungeon (4/15)
 Temple: D:4-7

Altars:
Vehumet

######## #......# ########
#......# ##......##
#......##### ##.<......##
#..........#####..........#
#......###@B..##..........#
#......# ####..#..........#
#......# ##......)....<#
####.### ##>..........# #.###
###.......... #.>.#
##........## ###.#
#..........# #.###
####..........#
########...####.............#


You could see a worker ant.


Message History

Press: ? - help, Q - select action, (/) - cycle Shift-Dir - straight line, f/p - howler monkey
Aim: a howler monkey (heavily wounded, 23% to evade)
The blast of sand misses the howler monkey.
The blast of sand hits the ogre.
The howler monkey hits you but does no damage. 😮 MP[-1]
You lost 1 mp, and now have 7/11 mp.
Aiming: Sandblast (safe; 1% risk of failure)
Press: ? - help, Q - select action, (/) - cycle Shift-Dir - straight line, f/p - howler monkey
Aim: a howler monkey (heavily wounded, 23% to evade)
The blast of sand hits the howler monkey.
The howler monkey hoots and howls with incredible vigour!
You hear a shout! x2 😮 MP[-1]
You lost 1 mp, and now have 6/11 mp.
Aiming: Sandblast (safe; 1% risk of failure)
Press: ? - help, Q - select action, (/) - cycle Shift-Dir - straight line, f/p - howler monkey
Aim: a howler monkey (almost dead, catching its breath, 23% to evade)
The blast of sand hits the howler monkey!
You kill the howler monkey! 😮 MP[-1]
You lost 1 mp, and now have 5/11 mp.
Aiming: Sandblast (safe; 1% risk of failure)
Press: ? - help, Q - select action, (/) - cycle Shift-Dir - straight line, f - ogre
Aim: an ogre, wielding a -2 giant club (lightly wounded, 9% to evade)
The blast of sand hits the ogre.
The ogre completely misses you. 😮 MP[-1]
You lost 1 mp, and now have 4/11 mp.
Aiming: Sandblast (safe; 1% risk of failure)
Press: ? - help, Q - select action, (/) - cycle Shift-Dir - straight line, f/p - ogre
Aim: an ogre, wielding a -2 giant club (moderately wounded, 9% to evade)
The blast of sand hits the ogre!
The ogre hits you with a cursed -2 giant club!
* * * LOW HITPOINT WARNING * * *
😨 HP[-8] MP[-1]
You take 8 damage, and now have 18/36 hp.
MASSIVE DAMAGE!! (PAUSE)
You lost 1 mp, and now have 3/11 mp.
Aiming: Sandblast (safe; 1% risk of failure)
Press: ? - help, Q - select action, (/) - cycle Shift-Dir - straight line, f/p - ogre
Aim: an ogre, wielding a -2 giant club (heavily wounded, 9% to evade)
The blast of sand misses the ogre.
The blast of sand hits the worker ant but does no damage.
An orc comes into view. It is wielding a +0 dagger.
The orc moves out of view.
Aiming: Sandblast (safe; 1% risk of failure)
Press: ? - help, Q - select action, (/) - cycle Shift-Dir - straight line, f/p - ogre
Aim: an ogre, wielding a -2 giant club (heavily wounded, 9% to evade)
The blast of sand hits the ogre!
The ogre hits you with a cursed -2 giant club!
* * * LOW HITPOINT WARNING * * *
😱 HP[-13] MP[-1]
You take 13 damage, and now have 5/36 hp.
MASSIVE DAMAGE!! (PAUSE)
You lost 1 mp, and now have 2/11 mp.
Aiming: Sandblast (safe; 1% risk of failure)
Press: ? - help, Q - select action, (/) - cycle Shift-Dir - straight line, f/p - ogre
Aim: an ogre, wielding a -2 giant club (almost dead, 9% to evade)
The blast of sand hits the ogre!
You kill the ogre!
The worker ant bites you.
* * * LOW HITPOINT WARNING * * *
Your Earth Magic skill increases to level 7! 😱 MP[-1]
You lost 1 mp, and now have 1/11 mp.
Aiming: Sandblast (safe; 1% risk of failure)
Press: ? - help, Q - select action, (/) - cycle Shift-Dir - straight line, f - worker ant
Aim: a worker ant (19% to evade)
The blast of sand misses the worker ant.
The blast of sand hits the adder skeleton!
You destroy the adder skeleton!
The worker ant closely misses you. 😱 MP[-1]
You lost 1 mp, and now have 0/11 mp.
You don't have enough magic to cast that spell.
The worker ant bites you but does no damage. 😱 MP[+1]
There is a stone staircase leading up here.
The worker ant bites you.
* * * LOW HITPOINT WARNING * * *
You climb upwards.
There is a stone staircase leading down here. 😱 HP[-3]
You take 3 damage, and now have 2/36 hp.
Aiming: Sandblast (safe; 1% risk of failure)
Press: ? - help, Q - select action, (/) - cycle Shift-Dir - straight line, f - worker ant
Aim: a worker ant (19% to evade)
The blast of sand hits the worker ant.
The worker ant closely misses you.
The worker ant bites you but does no damage. 😱 MP[-1]
You lost 1 mp, and now have 0/11 mp. 😱 MP[+1]
Aiming: Sandblast (safe; 1% risk of failure)
Press: ? - help, Q - select action, (/) - cycle Shift-Dir - straight line, f/p - worker ant
Aim: a worker ant (lightly wounded, 19% to evade)
The blast of sand hits the worker ant.
The worker ant bites you.
You die...

Skill      XL: |  1  2  3  4  5  6  7 |
---------------+----------------------+-----
Earth Magic    | 4 5 6 7 |  7.1
Maces & Flails | 1 2 3 |  3.0
Conjurations   | 2 3 |  3.8
Spellcasting   | 3 |  3.2
Dodging        | |  1.5
Stealth        | |  2.1
Transmutations | |  0.7

Action                   |  1- 3 |  4- 6 |  7- 9 || total
-------------------------+-------+-------+-------++-------
Melee: Club              |    55 |       |       ||    55
       Unarmed           |     5 |       |       ||     5
       Whip              |    62 |   128 |     5 ||   195
 Cast: Sandblast         |    13 |    57 |    14 ||    84
 Abil: Blink             |       |     8 |       ||     8
  Use: Potion            |       |     6 |       ||     6
       Scroll            |       |     6 |       ||     6
 Stab: Sleeping          |     1 |       |       ||     1
Armor: Robe              |    47 |    43 |     7 ||    97
Dodge: Dodged            |    89 |   111 |     9 ||   209

Levels and vault maps discovered:
D:1:      dpeg_arrival_ternary, layout_loops_ring, minmay_close_crescents
D:2:      layout_rooms, lemuel_altar_in_water
D:3:      layout_rooms, hangedman_decor_growths, uniq_grinder
D:4:      cheibrodos_helix_gallery, layout_loops_ring, led_sif_pool,
          serial_shops, shop, serial_glass, glass_columns_b, glass_columns_c,
          nicolae_gozag_seed_capital

Notes
Turn   | Place    | Note
-------+----------+-------------------------------------------
     0 | D:1      | phalm the Gargoyle Earth Elementalist began the quest for
                  | the Orb.
     0 | D:1      | Reached XP level 1. HP: 10/10 MP: 3/3
     0 | D:1      | magus.rc [v1.9.10]
   188 | D:1      | Reached skill level 4 in Earth Magic
   277 | D:1      | Reached XP level 2. HP: 14/15 MP: 5/5
   613 | D:1      | Reached skill level 1 in Maces & Flails
   959 | D:1      | Reached XP level 3. HP: 14/19 MP: 6/6
  1743 | D:2      | Reached skill level 2 in Maces & Flails
  1772 | D:2      | Reached XP level 4. HP: 21/24 MP: 7/7
  1833 | D:2      | Reached skill level 5 in Earth Magic
  2015 | D:2      | HP: 3/24 [gnoll/+0 flail (11)]
  2292 | D:2      | HP: 6/24 [gnoll/+0 spear (8)]
  2379 | D:2      | Reached XP level 5. HP: 15/28 MP: 4/8
  2577 | D:2      | Learned a level 3 spell: Stone Arrow
  2648 | D:2      | Found a radiant altar of Vehumet.
  2867 | D:2      | Gained mutation: Your spells are a little easier to cast,
                  | but a little less powerful. [potion of mutation]
  2867 | D:2      | Gained mutation: Armour fits poorly on your strangely
                  | shaped body. [potion of mutation]
  2867 | D:2      | Gained mutation: You can translocate small distances at
                  | will. [potion of mutation]
  3128 | D:3      | Reached skill level 1 in Conjurations
  3303 | D:3      | Noticed Grinder
  3313 | D:3      | HP: 4/28 [Grinder (6)]
  3315 | D:3      | Killed Grinder
  3316 | D:3      | Reached skill level 3 in Maces & Flails
  3316 | D:3      | Reached skill level 2 in Conjurations
  3316 | D:3      | Reached skill level 6 in Earth Magic
  3316 | D:3      | Reached XP level 6. HP: 3/32 MP: 0/10
  3845 | D:3      | Learned a level 5 spell: Lee's Rapid Deconstruction
  4291 | D:4      | Noticed a phantom
  4319 | D:4      | Killed a phantom
  4320 | D:4      | Reached skill level 3 in Spellcasting
  4320 | D:4      | Reached skill level 3 in Conjurations
  4320 | D:4      | Reached XP level 7. HP: 21/36 MP: 4/11
  4422 | D:4      | HP: 5/36 [ogre/cursed -2 giant club (13)]
  4424 | D:4      | Reached skill level 7 in Earth Magic
  4431 | D:4      | HP: 1/36 [worker ant (4)]
  4439 | D:3      | Slain by a worker ant

Vanquished Creatures
  Grinder (D:3)
  A phantom (D:4)
  An ogre (D:4)
  A howler monkey (D:4)
  A worker ant (D:4)
  4 gnolls (D:2)
  8 adders
  An ooze (D:2)
  An adder skeleton (D:4)
  A worm (D:3)
  3 leopard geckos
  2 orcs (D:3)
  6 giant cockroaches
  4 goblins
  14 hobgoblins
  6 jackals
  2 quokkas (D:3)
  A ball python (D:2)
  9 bats
  4 frilled lizards
  9 kobolds
  3 rats
83 creatures vanquished.

Table legend:
 A = Non-vault XP
 B = Vault XP
 C = Vault XP percentage of total XP
 D = Non-vault monster count
 E = Vault monster count
 F = Vault count percentage of total count
                 A         B        C        D         E       F
            +---------+---------+-------+---------+---------+-------
      Total |     571 |     298 |  34.3 |      77 |       6 |   7.2
            +---------+---------+-------+---------+---------+-------
        D:1 |      40 |       7 |  14.9 |      25 |       4 |  13.8
        D:2 |     150 |       0 |   0.0 |      23 |       0 |   0.0
        D:3 |      74 |     258 |  77.7 |      24 |       1 |   4.0
        D:4 |     307 |      33 |   9.7 |       5 |       1 |  16.7
            +---------+---------+-------+---------+---------+-------

Illustrated notes

Table legend:
 A = Kills in this place as a percentage of kills in entire the game.
 B = Kills by you in this place as a percentage of kills by you in the entire game.
 C = Kills by friends in this place as a percentage of kills by friends in the entire game.
 D = Other kills in this place as a percentage of other kills in the entire game.
 E = Experience gained in this place as a percentage of experience gained in the entire game.
 F = Experience gained in this place divided by the number of levels of this place that you have seen.
                   A       B       C       D       E      F
               +-------+-------+-------+-------+-------+----------------------
         Total | 100.0 | 100.0 |   N/A |   N/A | 100.0 | 217.2
       Dungeon | 100.0 | 100.0 |   N/A |   N/A | 100.0 | 217.2
               +-------+-------+-------+-------+-------+----------------------

Table legend: (Time is in decaauts)
 A = Elapsed time spent in this place.
 B = Non-inter-level travel time spent in this place.
 C = Inter-level travel time spent in this place.
 D = Time resting spent in this place.
 E = Time spent auto-exploring this place.
 F = Levels seen in this place.
 G = Mean time per level.
                   A        B        C        D        E       F      G
               +--------+--------+--------+--------+--------+-----+--------+
         Total |   4461 |   4301 |    160 |    112 |   3495 |   4 | 1115.2 |
       Dungeon |   4461 |   4301 |    160 |    112 |   3495 |   4 | 1115.2 |
               +--------+--------+--------+--------+--------+-----+--------+

Top non-repeatable levels by time:
     D:2: 1637 daAuts
     D:1: 1528 daAuts
     D:3: 1138 daAuts
     D:4: 157 daAuts
